Unix NetHack Version 5.0.0-0 post-release - last build May 23 2026 06:08:33 (1c0ff79ee797540d5714e4e18072db0edd9e58ae,branch:main).

Game began 2026-05-28 00:25:07, ended 2026-05-28 02:08:58.

DosFlores, neutral male human Wizard

                          ....
                         ... --
                        .....<|
                       ..%..).-
                      -.....|).
                      |qq.. --.
                      -@.
                      ...

DosFlores the Thaumaturge  St:12 Dx:11 Co:16 In:18 Wi:10 Ch:10  Neutral
Dlvl:4  $:2419 HP:0(51) Pw:9(41) AC:4  Xp:6 T:3965  Burdened

Latest messages:
 The spell misses the dwarf.
 You hear some noises in the distance.
 You hear some noises.
 The thonged club hits the dwarf!
 The dwarf is killed!
 You hear some noises in the distance.
 You hear some noises.
 The gnome lord picks up a thonged club.
 In what direction? 8
 The spell hits the gnome lord!
 You kill the gnome lord!
 You hear some noises in the distance.
 There are several objects here.
 The rothe hits!
 The rothe bites!
 The rothe bites again!
 You hit the rothe.
 The rothe hits!
 The rothe bites!
 The rothe bites again!
 The rothe misses!
 The rothe bites!
 The rothe bites again!
 You hear some noises.
 What do you want to drink? [gh or ?*] ?
 You feel much better.
 The rothe hits!
 The rothe bites!
 The rothe bites again!
 In what direction? 6
 The spell misses the rothe.
 In what direction? 6
 The spell hits the rothe.
 The rothe hits!
 The rothe bites!
 The rothe bites again!
 The rothe hits!
 The rothe bites!
 The rothe bites again!
 The rothe hits!
 The rothe bites!
 The rothe bites again!
 The rothe hits!
 The rothe bites!
 You die...
 Do you want your possessions identified? [ynq] (y) y
 Do you want to see your attributes? [ynq] (y) y
 Do you want an account of creatures vanquished? [ynaq] (y) y
 Do you want to see your conduct and achievements? [ynq] (y) y
 Do you want to see the dungeon overview? [ynq] (y) y

Inventory:
 Coins    ('$')
  $ - 2419 gold pieces
 Weapons  (')')
  O - 25 +2 darts (at the ready)
  a - a blessed +0 quarterstaff (weapon in hands)
 Armor    ('[')
  P - an uncursed +0 helm of brilliance (being worn)
  A - an uncursed +0 pair of elven boots (being worn)
  b - an uncursed +0 cloak of magic resistance (being worn)
  Q - a cursed +0 Hawaiian shirt with a sea turtle motif (being worn)
  R - an uncursed +0 studded leather armor (being worn)
 Comestibles  ('%')
  S - a cursed apple
  Y - 2 cursed tripe rations
 Scrolls  ('?')
  G - 2 uncursed scrolls of identify
 Potions  ('!')
  h - a cursed potion of extra healing
  g - an uncursed potion of water
 Rings    ('=')
  d - an uncursed ring of poison resistance
  e - an uncursed ring of sustain ability
 Wands    ('/')
  K - a wand of magic missile (0:7)
 Tools    ('(')
  T - an uncursed sack containing 26 items
  k - a cursed expensive camera (0:94)
  H - a cursed magic whistle
  F - an uncursed skeleton key
 Gems/Stones  ('*')
  E - an uncursed worthless piece of black glass

Contents of the sack:
  a cursed cream pie
  2 uncursed food rations
  a cursed lembas wafer
  an uncursed lichen corpse
  a cursed scroll of amnesia
  3 blessed scrolls of blank paper
  5 uncursed scrolls of blank paper
  a cursed scroll of confuse monster
  2 cursed scrolls of enchant armor
  a cursed scroll of enchant weapon
  an uncursed scroll of light
  3 uncursed scrolls of magic mapping
  a blessed scroll of remove curse
  an uncursed scroll of taming
  an uncursed scroll of teleportation
  a cursed scroll of teleportation
  2 uncursed potions of confusion
  an uncursed potion of healing
  4 cursed potions of healing
  an uncursed potion of object detection
  an uncursed ring of invisibility
  an uncursed ring of polymorph control
  an uncursed ring of warning
  a magic marker (0:21)
  a rustproof +0 pick-axe
  an uncursed towel

DosFlores the Wizard's attributes:

Background:
 You were a Thaumaturge, a level 6 male human Wizard.
 You were neutral, nominally on a mission for Thoth
 who was opposed by Ptah (lawful) and Anhur (chaotic).
 You were right-handed.
 You were in the Gnomish Mines, on level 4.
 You entered the dungeon 3965 turns ago.
 It was nighttime.
 You had 495 experience points, 145 more were needed to attain level 7.

Basics:
 You had 0 out of 51 hit points.
 You had 9 out of 41 energy points (spell power).
 Your armor class was 4.
 Your wallet contained 2419 zorkmids.
 Autopickup was off.

Final Characteristics:
 Your strength was 12 (limit:18/100).
 Your dexterity was 11 (limit:18).
 Your constitution was 16 (limit:18).
 Your intelligence was 18 (limit:18).
 Your wisdom was 10 (limit:18).
 Your charisma was 10 (limit:18).

Final Status:
 You weren't hungry.
 You were burdened; movement was slightly slowed.
 You were wielding a quarterstaff.
 You were skilled in quarterstaff.

Final Attributes:
 You were piously aligned.
 You were magic-protected.
 You were telepathic.
 You were stealthy.
 You were warded.
 You are dead.

Miscellaneous:
 You encountered 1 bones level.
 Total elapsed playing time was 1 hour, 43 minutes and 49 seconds.

Major events:
 Turn
    1: DosFlores the neutral male human Wizard entered the dungeon
 1367: attained the rank of Conjurer (level 3)
 2719: attained the rank of Thaumaturge (level 6)
 3920: entered the Gnomish Mines
 3965: killed by a rothe

Spells:
 Name                 Level Category     Fail Retention
 force bolt             1   attack         0%   81%-90%
 confuse monster        1   enchantment    0%   81%-90%
 wizard lock            2   matter        31%  76%-100%
 create monster         2   clerical      31%  76%-100%

Skills:
 Fighting Skills
   bare handed combat [Unskilled]
   riding             [Unskilled]
 Weapon Skills
   dagger             [Unskilled]
   knife              [Unskilled]
   axe                [Unskilled]
   short sword        [Unskilled]
   club               [Unskilled]
   mace               [Unskilled]
   quarterstaff       [Skilled]
   polearms           [Unskilled]
   spear              [Unskilled]
   trident            [Unskilled]
   sling              [Unskilled]
   dart               [Unskilled]
   shuriken           [Unskilled]
 Spellcasting Skills
   attack spells      [Basic]
   healing spells     [Unskilled]
   divination spells  [Unskilled]
   enchantment spells [Basic]
   clerical spells    [Unskilled]
   escape spells      [Unskilled]
   matter spells      [Unskilled]

Voluntary challenges:
 Character rerolling was not enabled.
 You were an atheist.
 You never genocided any monsters.
 You never polymorphed an object.
 You never changed form.
 You used no wishes.
Achievements:
 You entered a shop.
 You attained the rank of Conjurer.
 You attained the rank of Thaumaturge.
 You entered the Gnomish Mines.

 The Dungeons of Doom: levels 1 to 5
    Level 1:
       A fountain, a sink.
    Level 2:
       A general store.
    Level 3:
       A bookstore, a fountain.
       Stairs down to The Gnomish Mines.
    Level 4:
       A general store, some fountains.
    Level 5:
       A general store, a fountain.
       Final resting place for
          atorox-Tou-Hum-Mal-Neu, killed by a dog called "Barney",
          jigsy-Arc-Hum-Fem-Law, killed by a rothe.
 The Gnomish Mines:
    Level 4: <- You were here.
       Final resting place for
          you, killed by a rothe.


Vanquished creatures:
  2 ghosts
  a large mimic
  3 small mimics
  a dog
  a human zombie
  a rock piercer
  a rock mole
  a gnome leader
  a straw golem
  2 paper golems
  3 little dogs
  2 floating eyes
  a kitten
  3 dwarves
  a homunculus
  a kobold shaman
  a rothe
  2 giant bats
  2 iguanas
  a yellow mold
  a green mold
  4 gnomes
  4 geckos
  2 jackals
  2 kobolds
  2 goblins
  9 grid bugs
  4 lichens
 11 newts
70 creatures vanquished.

No species were genocided or became extinct.

Game over:
                       ----------
                      /          \
                     /    REST    \
                    /      IN      \
                   /     PEACE      \
                  /                  \
                  |    DosFlores     |
                  |     2419 Au      |
                  |   killed by a    |
                  |      rothe       |
                  |                  |
                  |                  |
                  |       2026       |
                 *|     *  *  *      | *
        _________)/\\_//(\/(/\)/\//\/|_)_______

Goodbye DosFlores the Wizard...

You died in The Gnomish Mines on dungeon level 4 with 4418 points,
and 2419 pieces of gold, after 3965 moves.
You were level 6 with a maximum of 51 hit points when you died.

